 Dungeon Crawl Stone Soup version 0.32-a0-834-geaf45d8e21 (webtiles) character file.

Game seed: 1913060724742413946

2 mopl the Sneak (level 1, -1/9 HPs)
             Began as a Vine Stalker Enchanter on Mar 25, 2024.
             Succumbed to a kobold's poison
             ... on level 1 of the Dungeon.
             The game lasted 00:00:20 (56 turns).

mopl the Sneak (Vine Stalker Enchanter)               Turns: 56, Time: 00:00:20

Health: -1/9       AC:  2    Str: 10    XL:     1   Next: 30%
Magic:  2/4        EV: 11    Int: 15    God:
Gold:   0          SH:  0    Dex: 14    Spells: 4/4 levels left

rFire   . . .        a - +1 dagger
rCold   . . .        (no shield)
rNeg    . . .        b - +0 robe
rPois   .            (no helmet)
rElec   .            (no cloak)
rCorr   .            (no gloves)
SInv    .            (no boots)
Will    .....        (no amulet)
Stlth   ++           (no ring)
HPRegen 1.01/turn    (no ring)
MPRegen 0.09/turn

%: guardian spirit
@: lethally poisoned (-1 -> -8), invisible
A: fangs 2, regeneration 1, magic shield, antimagic bite, no potion heal 2
a: no special abilities


You were on level 1 of the Dungeon.
You visited 1 branch of the dungeon, and saw 1 of its levels.

Inventory:

Hand Weapons
 a - a +1 dagger (weapon)
Armour
 b - a +0 robe (worn)
Scrolls
 d - a scroll of blinking {unknown}
Potions
 c - a potion of invisibility


   Skills:
 + Level 0.9 Short Blades
 - Level 1.5 Dodging
 * Level 3.7 Stealth
 * Level 2.2 Spellcasting
 * Level 3.0 Hexes


You had 4 spell levels left.
You didn't know any spells.
Your spell library contained the following spells:

 Spells                   Type           Power      Damage    Failure   Level
 Ensorcelled Hibernation  Hex/Ice        12%        N/A       17%         2
 Confusing Touch          Hex            10%        N/A       19%         3
 Tukima's Dance           Hex            10%        N/A       19%         3
 Dazzling Flash           Conj/Hex       12%        N/A       34%         3


Dungeon Overview and Level Annotations

Branches:
Dungeon (1/15)

Altars:


Innate Abilities, Weirdness & Mutations

You have extremely sharp teeth.
Your natural rate of healing is unusually fast.
When hurt, damage is shared between your health and your magic reserves.
Your bite disrupts and absorbs the magic of your enemies.
Potions cannot restore your health.


Message History

The troll shouts!
The vine stalker shouts!
You open the door.
There is an open door here.
A hobgoblin comes into view.
Found 2 scrolls labelled RATSA QARGH.
A frilled lizard and a ball python come into view.
Found 6 gold pieces.
The helpless hobgoblin fails to defend itself.
You puncture the hobgoblin!
You kill the hobgoblin!
The ball python closely misses you. The ball python grabs you.
The ball python constricts you.
You hit the ball python.
You kill the ball python!
No target in view!
No target in view!
d - a scroll labelled RATSA QARGH No target in view!
No target in view!
A kobold comes into view. It is wielding a +0 dagger of venom.
A kobold is nearby!
A kobold is nearby!
A rat comes into view.
The kobold shouts!
The kobold hits you with a +0 dagger of venom.
You are poisoned.
You completely miss the kobold.
You feel very sick. The kobold barely misses you.
You closely miss the kobold.
You feel sick.
The kobold hits you with a +0 dagger of venom.
You are lethally poisoned!
You are too injured to fight recklessly!
You are too injured to fight recklessly!
* * * LOW HITPOINT WARNING * * *
You feel very sick.
The rat squeaks loudly.
You fade into invisibility!
You die...

#.......~PP ≈≈ #......P~P ≈≈♣
#. #.#..PP..P~ ≈~~P
#..#?#..P~~~~♣♣≈~.P
#.#?##P~~♣P~PPPPP.
####.....~.PPP.P.~...
.....#.......r.......
.............K.......
....###...$@################
.......$....#.#T#g#O#n#9#h#e
###.#.......################
.. #..#....'...............
... #..#...#################
...$#......##f#K#V#i#g#H#m#M
.............################
..........†......
.....#.#.#...#.##


You could see a kobold (unable to see you) and a rat (unable to see you).

Vanquished Creatures
  A hobgoblin (D:1)
  A ball python (D:1)
2 creatures vanquished.

Notes
Turn   | Place    | Note
-------+----------+-------------------------------------------
     0 | D:1      | mopl the Vine Stalker Enchanter began the quest for the
                  | Orb.
     0 | D:1      | Reached XP level 1. HP: 9/9 MP: 4/4
     2 | D:1      | Noticed a draconian
     2 | D:1      | Noticed a human
     4 | D:1      | Noticed a tengu
     4 | D:1      | Noticed a demonspawn
     6 | D:1      | Noticed a naga
     6 | D:1      | Noticed an octopode
     8 | D:1      | Noticed a djinni
    10 | D:1      | Noticed a formicid
    10 | D:1      | Noticed a demigod
    12 | D:1      | Noticed a minotaur
    12 | D:1      | Noticed a barachi
    14 | D:1      | Noticed an elf
    16 | D:1      | Noticed a felid
    16 | D:1      | Noticed a merfolk
    18 | D:1      | Noticed a gargoyle
    18 | D:1      | Noticed an armataur
    20 | D:1      | Noticed a ghoul
    22 | D:1      | Noticed an oni
    22 | D:1      | Noticed a spriggan
    24 | D:1      | Noticed a dwarf
    24 | D:1      | Noticed a vampire
    26 | D:1      | Noticed a troll
    28 | D:1      | Noticed a vine stalker
    56 | D:1      | Succumbed to a kobold's poison

Illustrated notes

Levels and vault maps discovered:
D:1:      kb_arrival_jail, layout_basic, serial_bayou, serial_bayou_lagoon_b,
          serial_bayou_lagoon_a, serial_bayou_shore_a, serial_bayou_shore_b

Action                     || total
---------------------------++-------
  Melee: Dagger            ||     4
    Use: Potion            ||     1
   Stab: Sleeping          ||     1
 Armour: Robe              ||     3
  Dodge: Dodged            ||     2

Table legend: (Time is in decaauts)
 A = Elapsed time spent in this place.
 B = Non-inter-level travel time spent in this place.
 C = Inter-level travel time spent in this place.
 D = Time resting spent in this place.
 E = Time spent auto-exploring this place.
 F = Levels seen in this place.
 G = Mean time per level.
                   A        B        C        D        E       F      G
               +--------+--------+--------+--------+--------+-----+--------+
         Total |     55 |     55 |      0 |      0 |     35 |   1 |   55.0 |
       Dungeon |     55 |     55 |      0 |      0 |     35 |   1 |   55.0 |
               +--------+--------+--------+--------+--------+-----+--------+

Top non-repeatable levels by time:
     D:1: 55 daAuts
